[Event "*** Titled Tuesday Blitz"]
[Site "Chess.com"]
[Date "2021.02.16"]
[Round "1"]
[White "PavelShkapenko"]
[Black "Hercog"]
[Result "1-0"]
[WhiteElo "2693"]
[BlackElo "2370"]
[TimeControl "180+1"]
[EndTime "10:05:52 PST"]
[Termination "PavelShkapenko won by resignation"]

1. e4 c6 2. d4 d5 3. e5 Bf5 4. h4 h5 5. Bd3 Bxd3 6. Qxd3 e6 7.
Bg5 Qa5+ 8. Nd2 Qa6 9. c4 Bb4 10. b3 Nd7 11. Ne2 Ne7 12. O-O Nf5 13. Ng3 g6 14.
Nxf5 gxf5 15. Nf3 Nb6 16. a3 Be7 17. Bxe7 Kxe7 18. Rfc1 Rhg8 19. Ng5 Rad8 20. Qf3 dxc4 21. Qxh5 Rg7 22. bxc4 Nxc4 23. Qh6 Rg6 24. Qh7 Rf8 25. Nxf7 Rxf7 26. Qxg6 Nb6 27. h5 Nd5 28. h6 Qe2 29. h7 Rf8 30. h8=Q Rxh8 31. Qg7+ 1-0

[Event "*** Titled Tuesday Blitz"]
[Site "Chess.com"]
[Date "2021.02.16"]
[Round "1"]
[White "hansen"]
[Black "HackingKid98"]
[Result "1-0"]
[WhiteElo "2924"]
[BlackElo "2460"]
[TimeControl "180+1"]
[EndTime "10:05:54 PST"]
[Termination "hansen won on time"]

1. e4 c6 2. Nf3 d5 3. d3 g6 4. Be2 Bg7 5. O-O Bg4 6. Nbd2 e6 7. h3 Bxf3 8. Nxf3 Nd7 9. Re1 Ne7 10. Bf1 O-O 11. c3 a5 12. a4 Ne5 13. Nxe5 Bxe5 14. Qb3 Qc7 15. d4 Bg7 16. Bg5 Rfe8 17. Bd3 Nc8 18. Re2 Qb6 19. Qa3 Bf8 20. Qa2 Nd6 21. Rae1 dxe4 22. Bxe4 Nxe4 23. Rxe4 Be7 24. Rxe6 fxe6 25. Qxe6+ Kg7 26. Bxe7 Qxb2 27. Re3 Qc1+ 28.
Kh2 Kh6 29. Qf7 Qd2 30. h4 1-0

[Event "*** Titled Tuesday Blitz"]
[Site "Chess.com"]
[Date "2021.02.16"]
[Round "1"]
[White "Pikachess999"]
[Black "Kretov_Evgenij"]
[Result "1/2-1/2"]
[WhiteElo "2352"]
[BlackElo "2637"]
[TimeControl "180+1"]
[EndTime "10:05:54 PST"]
[Termination "Game drawn by agreement"]

1. e4 c5 2. a3 d5 3. exd5 Qxd5 4. Nc3 Qd8 5. Nf3 Nc6 6. Bb5 Bd7 7. d4 cxd4 8. Nxd4 Nxd4 9. Qxd4 Nf6 10. Bg5 Bxb5 11.
Nxb5 Qxd4 12. Nxd4 Ne4 13. Be3 a6 14. O-O-O e6 15.
Nb3 Be7 16. Na5 b5 17. Nc6 Bf6 18. f3 Bg5 19. Bxg5 Nf2 20. Rhe1 Nxd1 21. Rxd1 f6 22. Be3 Rc8 23. Nd4 Kf7 24. f4 Rhd8 25. Nf3 Rxd1+ 26. Kxd1 h6 27. Kd2 g5 28. g3 Kg6 29. Nd4 Re8 30. Kd3 Kh5 31. Ke4 Kg4 32. b3 Kh3 33. c4 bxc4 34.
bxc4 Kxh2 35. Kf3 Rc8 36. Nxe6 Rxc4 37. Ng7 Rc3 38. Nf5 Rxa3 39. Nxh6 Kh3 40. fxg5 fxg5 41. g4 a5 42. Nf7 Rxe3+ 43. Kxe3 Kxg4 44. Nxg5 Kxg5 45. Kd4 1/2-1/2

[Event "*** Titled Tuesday Blitz"]
[Site "Chess.com"]
[Date "2021.02.16"]
[Round "1"]
[White "HanSchut"]
[Black "Ali_rastbod"]
[Result "0-1"]
[WhiteElo "2261"]
[BlackElo "2581"]
[TimeControl "180+1"]
[EndTime "10:05:57 PST"]
[Termination "Ali_rastbod won by resignation"]

1. e4 e6 2. d4 d5 3. Nc3 Bb4 4. exd5 exd5 5. Bd3 Nc6 6. Qe2+ Nge7 7. Be3 O-O 8. a3 Ba5 9. Qh5 g6 10. Qh6 Nf5 11. Bxf5 Bxf5 12. Ne2 Bxc2 13. h4 f6 14. h5 g5 15. f4 Ne7 16. g4 Kh8 17. fxg5 Ng8 18.
Kd2 Nxh6 19. gxh6 Be4 20. Rh4 f5 21. g5 c5 22. Nf4 Bb6 23. Nce2 c4 24. Nc3 Qd6 25.
g6 Rf6 26. g7+ Kg8 27. Rg1 Rxh6 28. Rh3 Rf6 29. Rhg3 Ba5 30. h6 Rxh6 31. Rg5 Rh2+ 32. Kc1 Bxc3 33. bxc3 Qxa3+ 34. Kd1 Qb3+ 35. Ke1 Qb1+ 0-1

[Event "*** Titled Tuesday Blitz"]
[Site "Chess.com"]
[Date "2021.02.16"]
[Round "1"]
[White "frenchpin"]
[Black "annacramling"]
[Result "1-0"]
[WhiteElo "2505"]
[BlackElo "2120"]
[TimeControl "180+1"]
[EndTime "10:05:57 PST"]
[Termination "frenchpin won on time"]

1. e4 c5 2. Nf3 Nc6 3. c3 Nf6 4. e5 Nd5 5. d4 cxd4 6. cxd4 e6 7. Bc4 d6 8. O-O Be7 9. Qe2 O-O 10. Qe4 Nb6 11.
Bd3 g6 12. Bh6 Re8 13. Nc3 dxe5 14. dxe5 Nb4 15. Bb5 Bd7 16. Rfd1 N4d5 17. Rac1 Rc8 18. Bxd7 Qxd7 19. Qg4 Bc5 20. h4 Qe7 21. Ne4 Bb4 22. a3 Bc5 23. b4 Nxb4 24. axb4 Bxb4 25. Nf6+ Kh8 26. Nxe8 Rxe8 27. Bg5 1-0

[Event "*** Titled Tuesday Blitz"]
[Site "Chess.com"]
[Date "2021.02.16"]
[Round "1"]
[White "Harry_Rakkel"]
[Black "MF1966Idrisov"]
[Result "1-0"]
[WhiteElo "2695"]
[BlackElo "2372"]
[TimeControl "180+1"]
[EndTime "10:05:58 PST"]
[Termination "Harry_Rakkel won by resignation"]

1. d4 d6 2. e4 Nf6 3. f3 g6 4. Nc3 Bg7 5. Be3 c6 6. Qd2 b5 7. g4 Qa5 8. h4 h5 9. g5 Nfd7 10. Nge2 Nb6 11. b3 O-O 12. Bg2 N8d7 13. O-O e5 14.
dxe5 dxe5 15. Rad1 Re8 16. Nc1 Nf8 17. N3e2 Qxd2 18. Rxd2 Be6 19. Rfd1 Rec8 20. Nd3 Nbd7 21. Nc5 Nxc5 22. Bxc5 a5 23. a3 a4 24. b4 Nh7 25.
Kh2 Bf8 26. Bh3 Bxh3 27. Kxh3 Bxc5 28. bxc5 Nf8 29. f4 Ne6 30. f5 gxf5 31. exf5 Nxc5 32. Ng3 e4 33. Nxh5 e3 34. Re2 Ne4 35. Rxe3 Nf2+ 36. Kg3 Nxd1 37. Re7 b4 38. g6 bxa3 39. Rxf7 a2 40.
Nf6+ 1-0

[Event "*** Titled Tuesday Blitz"]
[Site "Chess.com"]
[Date "2021.02.16"]
[Round "1"]
[White "anskam"]
[Black "NikolaN98"]
[Result "0-1"]
[WhiteElo "1697"]
[BlackElo "2474"]
[TimeControl "180+1"]
[EndTime "10:05:58 PST"]
[Termination "NikolaN98 won by checkmate"]

1. e4 c6 2. d4 d5 3. Nc3 dxe4 4. Nxe4 Nf6 5. Nxf6+ gxf6 6. Nf3 Rg8 7. c3 Bg4 8. h3 Bh5 9. g4 Bg6 10. Bd3 Nd7 11.
Be3 Nb6 12. c4 e6 13. O-O f5 14. Ne5 fxg4 15. Nxg6 gxh3 16. Kh2 hxg6 17. Qg4 Qc7+ 18.
Kh1 O-O-O 19. a4 f5 20. Qg3 Bd6 21. Qf3 Bh2 22. a5 Nd7 23. b4 g5 24. b5 g4 25. Qe2 f4 26. b6 axb6 27. axb6 Nxb6 28. Bd2 g3 29. fxg3 fxg3 30. Qxe6+ Kb8 31. Rf7 g2# 0-1

[Event "*** Titled Tuesday Blitz"]
[Site "Chess.com"]
[Date "2021.02.16"]
[Round "1"]
[White "Lagmantr"]
[Black "MusicCityMaster"]
[Result "1-0"]
[WhiteElo "2710"]
[BlackElo "2383"]
[TimeControl "180+1"]
[EndTime "10:05:59 PST"]
[Termination "Lagmantr won by resignation"]

1. Nf3 Nf6 2. c4 c5 3. g3 b6 4. Bg2 Bb7 5. b3 e6 6. Bb2 Be7 7. O-O O-O 8. d4 cxd4 9. Qxd4 d6 10. Nc3 Nbd7 11. Rfd1 a6 12. Ne1 Bxg2 13. Kxg2 Qc7 14. f3 Qb7 15. Rac1 Rfc8 16. a4 Nc5 17. b4 Nb3 18. Qd3 Nxc1 19. Rxc1 Bf8 20. e4 Rc7 21. Nc2 Rac8 22. Ne3 Nd7 23. Ne2 Ne5 24. Qd4 b5 25. cxb5 axb5 26. Rxc7 Rxc7 27. a5 Nc4 28. Nxc4 Rxc4 29.
Qb6 Qc8 30. Qxb5 Rc2 31. Bd4 e5 32. Bf2 Rb2 33. a6 d5 34. exd5 Rxb4 35. Qc6 Qxc6 36.
dxc6 Bd6 37. Bc5 Ra4 38. Bxd6 Rxa6 39. c7 Rc6 40. Bxe5 f6 41. Nd4 Rc4 42. Nf5 Rc2+ 43. Kh3 fxe5 44. c8=Q+ Kf7 45. Qd7+ 1-0

[Event "*** Titled Tuesday Blitz"]
[Site "Chess.com"]
[Date "2021.02.16"]
[Round "1"]
[White "aa175"]
[Black "VladimirBugayev"]
[Result "1-0"]
[WhiteElo "2591"]
[BlackElo "2281"]
[TimeControl "180+1"]
[EndTime "10:06:00 PST"]
[Termination "aa175 won by checkmate"]

1. d4 Nf6 2. Nf3 g6 3. Bf4 Bg7 4. e3 d6 5. Be2 Nh5 6. Bg5 h6 7. Bh4 g5 8. Nfd2 Nf4 9. exf4 gxh4 10. c3 c5 11. dxc5 dxc5 12. h3 Nc6 13. Qc2 Bd7 14.
Nf3 Qc7 15. Qe4 Bf6 16. Nbd2 O-O-O 17. Nc4 Rhg8 18. Nce5 Rxg2 19. Nxd7 Qxd7 20. Ne5 Qd5 21. Qxd5 Rxd5 22. Bf3 Nxe5 23. Bxd5 Nd3+ 24. Ke2 Rxf2+ 25. Kxd3 Rxb2 26. Bxf7 Rf2 27. f5 Rf3+ 28. Ke4 Rxc3 29. Rac1 b5 30. Rxc3 Bxc3 31. Kd5 Bd4 32. Kc6 b4 33.
Be6+ Kd8 34. Re1 a5 35. Re4 a4 36. Rg4 b3 37. Rg8# 1-0

[Event "*** Titled Tuesday Blitz"]
[Site "Chess.com"]
[Date "2021.02.16"]
[Round "1"]
[White "fyall777"]
[Black "beto-betun"]
[Result "1-0"]
[WhiteElo "2521"]
[BlackElo "2185"]
[TimeControl "180+1"]
[EndTime "10:06:01 PST"]
[Termination "fyall777 won by resignation"]

1. e4 c5 2. Nf3 d6 3. c3 Nf6 4. Be2 g6 5. O-O Bg7 6. d3 O-O 7. Bg5 h6 8. Bh4 g5 9. Bg3 Nc6 10. Nbd2 e5 11. Ne1 Be6 12. Nc2 Qb6 13. b3 Nd7 14. Ne3 Nf6 15. h4 Nh7 16. Bg4 Rfe8 17. Bf5 Qc7 18. hxg5 hxg5 19. Qh5 Bxf5 20. Nxf5 Qd8 21.
Nc4 Re6 22. Nce3 Ne7 23. Nxe7+ Qxe7 24. Nf5 Qf6 25. f3 Qg6 26. Qxg6 Rxg6 27. Ne7+ Kf8 28. Nxg6+ fxg6 29. Bf2 Ke7 30. Be3 Bf6 31. Rad1 Nf8 32. d4 cxd4 33. cxd4 Rc8 34. d5 Nd7 35. Rc1 Kd8 36.
Rxc8+ Kxc8 37. Kf2 Bd8 38. Rh1 b6 39. Rh6 g4 40. Rxg6 gxf3 41. Kxf3 Nf8 42. Rg8 Nd7 43.
Bg5 1-0

[Event "*** Titled Tuesday Blitz"]
[Site "Chess.com"]
[Date "2021.02.16"]
[Round "1"]
[White "AryanTari"]
[Black "SanQui14"]
[Result "1-0"]
[WhiteElo "2905"]
[BlackElo "2444"]
[TimeControl "180+1"]
[EndTime "10:06:02 PST"]
[Termination "AryanTari won by resignation"]

1. d4 Nf6 2. Nf3 g6 3. Bg5 Bg7 4. Nbd2 d5 5. e3 O-O 6. Bd3 b6 7. c3 Bb7 8. a4 a6 9. Ne5 Nbd7 10. f4 c5 11. O-O Ne4 12. Bh4 Ndf6 13. a5 b5 14. Bxe4 Nxe4 15. Nxe4 dxe4 16. dxc5 Qc7 17. c6 Bc8 18. Nd7 Bxd7 19. Qxd7 Qxd7 20. cxd7 Rfd8 21. Rfd1 Ra7 22. Bxe7 Rdxd7 23. Bc5 Rac7 24. Bb6 Rb7 25. Kf2 f5 26. Ke2 Kf7 27. Rac1 Ke6 28. Bd4 Bf8 29.
c4 bxc4 30. Rxc4 Bd6 31. Rc6 Rdc7 32. Rxa6 Rc2+ 33. Rd2 Rc4 34. Be5 1-0

[Event "*** Titled Tuesday Blitz"]
[Site "Chess.com"]
[Date "2021.02.16"]
[Round "1"]
[White "ChessWarrior7197"]
[Black "erdni1993"]
[Result "1-0"]
[WhiteElo "2948"]
[BlackElo "2464"]
[TimeControl "180+1"]
[EndTime "10:06:05 PST"]
[Termination "ChessWarrior7197 won by resignation"]

1. e4 c5 2. Nc3 e6 3. g3 a6 4. Bg2 b5 5. d3 Bb7 6. Nge2 Nc6 7. O-O Qc7 8. f4 d6 9. Be3 Nf6 10. h3 Be7 11. g4 Nd7 12. Ng3 Nd4 13. Nce2 Nxe2+ 14. Qxe2 Bh4 15. Kh2 Bxg3+ 16. Kxg3 h5 17. g5 f6 18. h4 e5 19. Bh3 O-O-O 20.
fxe5 dxe5 21. gxf6 gxf6 22. Rxf6 Kb8 23. Rf7 Qd6 24.
Raf1 Bc8 25. Kh2 Rdf8 26. Rxf8 Nxf8 27. Bxc8 Kxc8 28. Qf2 Ne6 29. Qg2 Rf8 30. Rf5 Nd4 31. Bxd4 cxd4 32. Qf3 Rg8 33. Qxh5 Qc7 34. Rf2 Qg7 35.
Qg5 Qxg5 36. hxg5 Rxg5 37. Rf5 Rg6 38. Kh3 Rc6 39. Rf2 Kc7 40. Kg4 Kd7 41. Kf5 Kd6 42.
Rg2 Rc8 43. Rg6+ Kd7 44. Kxe5 Rxc2 45. Kxd4 Rxb2 46. Rxa6 Kc7 47. e5 Kb7 48. Ra3 Kc6 49. Rc3+ Kb6 50. a3 Re2 51. Kd5 1-0

[Event "*** Titled Tuesday Blitz"]
[Site "Chess.com"]
[Date "2021.02.16"]
[Round "1"]
[White "Onischuk_V"]
[Black "Srisshhhtea"]
[Result "1-0"]
[WhiteElo "2863"]
[BlackElo "2437"]
[TimeControl "180+1"]
[EndTime "10:06:06 PST"]
[Termination "Onischuk_V won by resignation"]

1. Nf3 Nf6 2. g3 e6 3. Bg2 d5 4.
O-O Be7 5. d3 c5 6. Nbd2 O-O 7.
e4 Nc6 8. e5 Nd7 9. Re1 Qc7 10.
Qe2 f6 11. exf6 Nxf6 12. c4 Bd6 13. Nb3 Bd7 14. Be3 b6 15. Rac1 Rae8 16. d4 cxd4 17. Nfxd4 Nxd4 18. Nxd4 Qb8 19. cxd5 exd5 20. Qd3 Ne4 21. Nb5 Bxb5 22. Qxd5+ Kh8 23. Qxb5 Bc5 24. Bxe4 Rxe4 25. Bxc5 Rxe1+ 26. Rxe1 bxc5 27. Qxc5 h6 28. b4 Rc8 29. Qd4 Qb5 30. h4 Qb7 31. a4 a6 32.
Kh2 Rc2 33. Re8+ Kh7 34. Qd3+ g6 35. Qxc2 Qf7 36. Rc8 1-0

[Event "*** Titled Tuesday Blitz"]
[Site "Chess.com"]
[Date "2021.02.16"]
[Round "1"]
[White "Rodchenkov_Vitalij"]
[Black "kidagent"]
[Result "0-1"]
[WhiteElo "2578"]
[BlackElo "2304"]
[TimeControl "180+1"]
[EndTime "10:06:07 PST"]
[Termination "kidagent won by resignation"]

1. Nf3 Nf6 2. c4 c6 3. Nc3 d5 4. e3 e6 5. b3 Be7 6. Bb2 Nbd7 7. h4 a6 8. Qc2 dxc4 9. bxc4 b5 10. Be2 Bb7 11. Ne4 O-O 12. Nxf6+ Bxf6 13. Ng5 g6 14. Bf3 Rc8 15. Rb1 Bxb2 16. Rxb2 Ne5 17. Be2 Rc7 18. f4 Nxc4 19. Bxc4 bxc4 20. Qxc4 c5 21. h5 Bxg2 22. Rh2 Bd5 23. Qc3 f6 24. e4 fxg5 25. exd5 Qxd5 26. hxg6 gxf4 27. d3 Qd4 28. gxh7+ Rxh7 29. Qxd4 cxd4 30. Rxh7 Kxh7 31. Rb6 Kg6 32. Rxe6+ Kf5 33. Rxa6 Kg4 34.
Kf2 Rh8 35. Rg6+ Kf5 36. Rg7 Rh2+ 37. Rg2 Rh3 38. Ke2 f3+ 39. Kf2 fxg2 40. Kxg2 Rxd3 0-1

[Event "*** Titled Tuesday Blitz"]
[Site "Chess.com"]
[Date "2021.02.16"]
[Round "1"]
[White "Mazetovic"]
[Black "BvsN"]
[Result "1-0"]
[WhiteElo "2681"]
[BlackElo "2365"]
[TimeControl "180+1"]
[EndTime "10:06:08 PST"]
[Termination "Mazetovic won by resignation"]

1. e4 c5 2. Nf3 e6 3. d4 cxd4 4. Nxd4 Nf6 5. Nc3 Nc6 6. g3 Bb4 7. Bg2 d5 8. exd5 Nxd5 9. O-O O-O 10. Nxc6 bxc6 11. Ne2 Ba6 12. c3 Be7 13. Qc2 Qb6 14. Rd1 Rfd8 15. Nf4 Rab8 16. b3 Bf6 17. Bd2 Qc5 18. Rac1 h6 19. c4 Nb4 20. Bxb4 Qxb4 21.
Bxc6 Qc5 22. Bf3 Qc7 23. Kg2 Bb7 24. Qe2 Bxf3+ 25. Qxf3 Qa5 26. Rc2 Rxd1 27. Qxd1 Rd8 28. Qf3 Qb4 29. c5 Rc8 30. c6 a5 31. Nd3 Qd6 32.
Rc4 a4 33. bxa4 Qa3 34. c7 Qxa2 35. Qb7 Qxc4 36. Qxc8+ Kh7 37. Qb7 1-0

[Event "*** Titled Tuesday Blitz"]
[Site "Chess.com"]
[Date "2021.02.16"]
[Round "1"]
[White "ketster"]
[Black "lachesisQ"]
[Result "0-1"]
[WhiteElo "2469"]
[BlackElo "3052"]
[TimeControl "180+1"]
[EndTime "10:06:10 PST"]
[Termination "lachesisQ won by resignation"]

1. d4 Nf6 2. c4 g6 3. Nc3 Bg7 4. e4 d6 5. Nf3 O-O 6. h3 Na6 7.
Be3 Qe8 8. Be2 e5 9. d5 Nc5 10. Nd2 a5 11. g4 a4 12. Qc2 c6 13. g5 Nfd7 14. h4 f5 15. gxf6 Nxf6 16. Bxc5 dxc5 17.
Nxa4 Ng4 18. Nxc5 Nxf2 19. Rf1 Qe7 20. Nd3 Nxd3+ 21. Qxd3 Qxh4+ 22. Kd1 Rxf1+ 23. Nxf1 cxd5 24. Qxd5+ Kh8 25. Kc2 Bh3 26. Rd1 Rf8 27. Ne3 Qf2 28. Qd3 Bh6 29. Nd5 Bg4 30. Nc3 Be3 31. Kb3 Bxe2 32. Nxe2 h5 33. Nc3 Bd4 34. Nb5 Rf3 0-1

[Event "*** Titled Tuesday Blitz"]
[Site "Chess.com"]
[Date "2021.02.16"]
[Round "1"]
[White "rugbyclub"]
[Black "Iskusnyh"]
[Result "0-1"]
[WhiteElo "2295"]
[BlackElo "2600"]
[TimeControl "180+1"]
[EndTime "10:06:10 PST"]
[Termination "Iskusnyh won by resignation"]

1. e4 e6 2. d4 d5 3. e5 c5 4. c3 Nc6 5. Nf3 Qb6 6. a3 Nh6 7.
b4 cxd4 8. cxd4 Nf5 9. Bb2 Bd7 10. g4 Nfe7 11. Rg1 Ng6 12. Qd2 Be7 13. Nc3 O-O 14. Rc1 Rac8 15. Na4 Ncxe5 16. Nxb6 Nxf3+ 17. Kd1 Nxd2 18. Nxc8 Bxc8 19. Kxd2 Bg5+ 20. Kd1 Bxc1 21. Bxc1 Bd7 22. Bd3 Rc8 23. Be3 a6 24. f4 Bb5 25.
Bc2 Rc3 26. Kd2 Rxa3 27. Rc1 Bc4 28. f5 Nh4 29. fxe6 Nf3+ 30. Kd1 Rxe3 31. exf7+ 0-1

[Event "*** Titled Tuesday Blitz"]
[Site "Chess.com"]
[Date "2021.02.16"]
[Round "1"]
[White "OlifantCZ"]
[Black "FMJoseHerrera"]
[Result "0-1"]
[WhiteElo "2299"]
[BlackElo "2602"]
[TimeControl "180+1"]
[EndTime "10:06:11 PST"]
[Termination "FMJoseHerrera won by checkmate"]

1. c4 Nf6 2. g3 h5 3. h4 d6 4.
Bg2 Nc6 5. Nc3 g6 6. d3 Bg7 7. e4 O-O 8. Nge2 e5 9. O-O Bg4 10. f3 Be6 11. Bg5 Qd7 12. Bxf6 Bxf6 13. f4 Bh3 14. f5 Bxg2 15. Kxg2 Nd4 16. Nd5 Bg7 17. Nxd4 exd4 18. Qe2 c6 19. Nf4 Kh7 20. Rf2 Rae8 21. Raf1 d5 22. Nxh5 Qd6 23. Nxg7 Kxg7 24. f6+ Kh7 25.
cxd5 cxd5 26. h5 dxe4 27. dxe4 d3 28. Qg4 g5 29. Qf5+ Kh6 30. Rd1 Re5 31. Qf3 Rd8 32. Rfd2 Qe6 33. Rxd3 Rxd3 34. Rxd3 Rxe4 35. Rd2 Re3 36.
Qxb7 Qe5 37. Kg1 Qxg3+ 38. Qg2 Re1# 0-1

[Event "*** Titled Tuesday Blitz"]
[Site "Chess.com"]
[Date "2021.02.16"]
[Round "1"]
[White "mishanick"]
[Black "Grimlock_Glasgow"]
[Result "1-0"]
[WhiteElo "3010"]
[BlackElo "2467"]
[TimeControl "180+1"]
[EndTime "10:06:12 PST"]
[Termination "mishanick won by resignation"]

1. e4 e5 2. Nf3 d5 3. d3 Bd6 4. Be2 Ne7 5. Nc3 d4 6. Nb5 c5 7.
Nxd6+ Qxd6 8. O-O Nbc6 9. c3 O-O 10. a4 Ng6 11. Qc2 Be6 12. Nd2 Nf4 13. Nf3 Bb3 14. Qd2 dxc3 15. bxc3 Rfd8 16. Ne1 c4 17. Ba3 Nxe2+ 18.
Qxe2 cxd3 19. Qd2 Qg6 20. Nf3 Qxe4 21. Rfe1 Qf4 22. Re3 Na5 23. Nxe5 Nc4 24. Nxc4 Qxc4 25. Rae1 Bxa4 26. Rg3 Re8 27. Be7 Qc7 28. Rxg7+ Kh8 29.
Qh6 1-0

[Event "*** Titled Tuesday Blitz"]
[Site "Chess.com"]
[Date "2021.02.16"]
[Round "1"]
[White "LiemLe"]
[Black "elindisguise"]
[Result "1-0"]
[WhiteElo "2976"]
[BlackElo "2466"]
[TimeControl "180+1"]
[EndTime "10:06:12 PST"]
[Termination "LiemLe won by resignation"]

1. d4 f5 2. Nf3 e6 3. Bf4 Nf6 4. e3 d5 5. c4 c6 6. Nc3 Bd6 7. Bxd6 Qxd6 8. Qc2 O-O 9. Be2 Ne4 10. O-O Nd7 11. Rab1 a5 12. a3 Rf6 13. b4 Rh6 14. b5 g5 15. bxc6 bxc6 16. cxd5 g4 17. Nxe4 fxe4 18. Qxc6 Qxc6 19. dxc6 gxf3 20. cxd7 Bxd7 21.
gxf3 Bc6 22. f4 Kf7 23. Kh1 a4 24. Rfc1 Bd5 25. Bc4 Bxc4 26. Rxc4 Ra5 27. Rg1 Rah5 28. Rg2 Rb5 29. Rg5 Rb2 30. Kg2 Kf6 31. Rxa4 1-0

[Event "*** Titled Tuesday Blitz"]
[Site "Chess.com"]
[Date "2021.02.16"]
[Round "1"]
[White "lider34"]
[Black "PSvidler"]
[Result "1-0"]
[WhiteElo "2486"]
[BlackElo "2911"]
[TimeControl "180+1"]
[EndTime "10:06:12 PST"]
[Termination "lider34 won by resignation"]

1. e4 c5 2. c3 Nf6 3. e5 Nd5 4.
d4 cxd4 5. Nf3 e6 6. cxd4 b6 7. Nc3 Nxc3 8. bxc3 Qc7 9. Bd2 d6 10. Bd3 Nd7 11. exd6 Bxd6 12. O-O Bb7 13. h3 O-O 14. Re1 Nf6 15. c4 Rfd8 16. Qe2 Bf4 17. Bc3 b5 18. c5 Nd5 19. Bb2 b4 20. Be4 a5 21. Qc2 h6 22.
Rad1 Qc6 23. Bh7+ Kh8 24. Be4 Bc7 25. Ne5 Bxe5 26. dxe5 Rd7 27. Re2 Rad8 28. Red2 Qb5 29. Bd3 Qc6 30. Be4 Qc7 31. Qc4 Ne3 32. Rxd7 Rxd7 33. Rxd7 Qxd7 34. fxe3 Bxe4 35. Qxe4 Qd2 36. Bd4 Qxa2 37. Qa8+ Kh7 38. c6 Qc4 39. Qb7 1-0

[Event "*** Titled Tuesday Blitz"]
[Site "Chess.com"]
[Date "2021.02.16"]
[Round "1"]
[White "InitiatingASC"]
[Black "platy3"]
[Result "0-1"]
[WhiteElo "2432"]
[BlackElo "2850"]
[TimeControl "180+1"]
[EndTime "10:06:12 PST"]
[Termination "platy3 won by resignation"]

1. Nf3 Nf6 2. g3 g6 3. Bg2 Bg7 4. O-O O-O 5. c4 d6 6. d3 Nc6 7. Nc3 a6 8. Ne1 Rb8 9. Nc2 Bd7 10. Ne3 b5 11. Rb1 b4 12. Ncd5 a5 13. b3 Nxd5 14.
Nxd5 e6 15. Ne3 Nd4 16. Bb2 c5 17. Nc2 Qb6 18. e3 Nxc2 19. Qxc2 e5 20. Ra1 a4 21. Rad1 Bc6 22. f4 f5 23. h3 a3 24. Ba1 Rbe8 25.
Rfe1 Rf7 26. Qf2 Rfe7 27. Kh2 Bxg2 28. Kxg2 Qc6+ 29. Kg1 d5 30. Bxe5 Bxe5 31. fxe5 Rxe5 32. Qf3 Qe6 33. cxd5 Rxd5 34. e4 Re5 35. Qf2 fxe4 36. dxe4 Qxh3 37. Rd3 Rf8 38. Rf3 Rxf3 39. Qxf3 Rh5 40.
Rd1 Qh2+ 41. Kf1 Qh1+ 42. Ke2 Rh2+ 43. Ke3 Qxf3+ 44. Kxf3 Rxa2 45. Rd7 Rb2 46. Kf4 Rxb3 47. Kg5 a2 48. Kf6 a1=Q+ 0-1

[Event "*** Titled Tuesday Blitz"]
[Site "Chess.com"]
[Date "2021.02.16"]
[Round "1"]
[White "A-S-00"]
[Black "KNCP_719"]
[Result "0-1"]
[WhiteElo "2303"]
[BlackElo "2604"]
[TimeControl "180+1"]
[EndTime "10:06:12 PST"]
[Termination "KNCP_719 won by resignation"]

1. d4 d5 2. Nf3 Nf6 3. c4 c6 4.
Nc3 e6 5. Bg5 dxc4 6. e4 b5 7.
e5 h6 8. Bh4 g5 9. exf6 gxh4 10.
Ne5 Qxf6 11. g3 Nd7 12. Bg2 Nxe5 13. dxe5 Qxe5+ 14. Qe2 Qxe2+ 15. Kxe2 Bd7 16. Rad1 O-O-O 17. f4 Rg8 18. Ne4 Be7 19. Bf3 Kc7 20. g4 f5 21. Nf2 Rdf8 22. Rd2 fxg4 23. Nxg4 Rxf4 24. Ne5 Be8 25. Rhd1 Bf6 26. Ng4 Rfxg4 0-1

[Event "*** Titled Tuesday Blitz"]
[Site "Chess.com"]
[Date "2021.02.16"]
[Round "1"]
[White "MartinMatthiesen"]
[Black "Markov_Mikhail"]
[Result "0-1"]
[WhiteElo "2367"]
[BlackElo "2687"]
[TimeControl "180+1"]
[EndTime "10:06:13 PST"]
[Termination "Markov_Mikhail won on time"]

1. d4 Nf6 2. c4 e6 3. Nf3 d5 4. Nc3 Be7 5. Bf4 O-O 6. e3 Nbd7 7. c5 c6 8. Bd3 b6 9. b4 bxc5 10. bxc5 Qa5 11. Qd2 Bd8 12. O-O Ba6 13. Rfb1 Bxd3 14. Qxd3 Bc7 15. Rb7 Bxf4 16. exf4 Rab8 17. Rab1 Rxb7 18.
Rxb7 Qa3 19. Qe3 Qa6 20. Rb2 Rb8 21. Qc1 Rxb2 22. Qxb2 Qd3 23. Qd2 Qc4 24. g3 h6 25.
Kg2 Qb4 26. Qc2 Ne8 27. Ne2 Nc7 28. Qb3 Qxb3 29. axb3 f6 30. Kf1 g5 31. fxg5 hxg5 32. h3 Kf7 33. Ke1 Kg6 34. Kd2 Kf5 35. Kd3 e5 36.
g4+ Ke6 37. Nd2 Nb5 38. b4 f5 0-1

[Event "*** Titled Tuesday Blitz"]
[Site "Chess.com"]
[Date "2021.02.16"]
[Round "1"]
[White "Balla_Tamas"]
[Black "rasmussvane"]
[Result "0-1"]
[WhiteElo "2453"]
[BlackElo "2914"]
[TimeControl "180+1"]
[EndTime "10:06:15 PST"]
[Termination "rasmussvane won by resignation"]

1. b3 d5 2. Bb2 Bg4 3. h3 Bh5 4. g3 Nc6 5. f4 f6 6. Bg2 e5 7.
g4 Bg6 8. e3 Bc5 9. f5 Bf7 10.
d4 Bb4+ 11. c3 Bd6 12. Ne2 h5 13. Nd2 Nh6 14. Ng3 exd4 15. Nxh5 Bxh5 16. gxh5 dxe3 17. Qe2 Bg3+ 18. Kd1 Qe7 19. Nf1 Bf2 20. Kc2 O-O-O 21. Rd1 Kb8 22. Rxd5 Rxd5 23. Bxd5 Rd8 24. Bf3 Qc5 25. Kb1 Qxf5+ 26. Ka1 Ne5 27. Bg2 Qd3 0-1

[Event "*** Titled Tuesday Blitz"]
[Site "Chess.com"]
[Date "2021.02.16"]
[Round "1"]
[White "Aslanov_Umid"]
[Black "GelmanAlexander"]
[Result "1-0"]
[WhiteElo "2333"]
[BlackElo "2600"]
[TimeControl "180+1"]
[EndTime "10:06:15 PST"]
[Termination "Aslanov_Umid won by checkmate"]

1. e4 c5 2. Nf3 e6 3. d4 cxd4 4.
Nxd4 a6 5. Nc3 d6 6. Bd3 Nf6 7. O-O Nbd7 8. Bg5 b5 9. Qe2 Bb7 10. Nd5 h6 11. Nxf6+ Nxf6 12. Bh4 Be7 13. Nf3 g5 14.
Bg3 g4 15. Nd4 h5 16. Bh4 Nd7 17. Bxe7 Qxe7 18. c3 Ne5 19. Bc2 h4 20. f4 gxf3 21.
Nxf3 Rg8 22. Nxe5 dxe5 23. Rad1 Rd8 24. Qf3 Rxd1 25. Rxd1 Qg5 26. a4 f5 27. axb5 axb5 28.
Qe2 Bc6 29. Rd6 Qc1+ 30. Bd1 Bxe4 31. Qxb5+ Kf7 32. Qd7+ Kf6 33. Qxe6+ Kg5 34. Qh6# 1-0

[Event "*** Titled Tuesday Blitz"]
[Site "Chess.com"]
[Date "2021.02.16"]
[Round "1"]
[White "CraiggoryC"]
[Black "sergeikim"]
[Result "1-0"]
[WhiteElo "2219"]
[BlackElo "2518"]
[TimeControl "180+1"]
[EndTime "10:06:15 PST"]
[Termination "CraiggoryC won by resignation"]

1. e4 e5 2. Nf3 Nc6 3. Bb5 a6 4. Ba4 Nf6 5. d3 b5 6. Bb3 Bc5 7. O-O d6 8. a4 b4 9. Nbd2 O-O 10. c3 a5 11. Nc4 h6 12. Be3 Ba7 13. Bxa7 Rxa7 14.
Ne3 Be6 15. Nd5 Bxd5 16. exd5 Ne7 17. c4 c5 18. dxc6 Nxc6 19. d4 e4 20. d5 exf3 21.
dxc6 fxg2 22. Re1 Rc7 23. Qf3 Qc8 24. Rad1 Rxc6 25. Re7 Re8 26. Ra7 Rc5 27. h4 Qe6 28. Kxg2 Nh5 29. Rxd6 Qxd6 30. Qxf7+ Kh7 31. Bc2+ 1-0

[Event "*** Titled Tuesday Blitz"]
[Site "Chess.com"]
[Date "2021.02.16"]
[Round "1"]
[White "Ginger_GM"]
[Black "tteshan"]
[Result "1-0"]
[WhiteElo "2633"]
[BlackElo "2331"]
[TimeControl "180+1"]
[EndTime "10:06:16 PST"]
[Termination "Ginger_GM won by resignation"]

1. e4 c5 2. b4 cxb4 3. a3 e5 4.
Nf3 Nc6 5. Bb2 d6 6. axb4 Nxb4 7.
d4 Qc7 8. Bb5+ Bd7 9. Bxd7+ Qxd7 10. dxe5 Qc6 11. O-O Qxc2 12. Qd4 Qc5 13. Qd2 Rd8 14. Rd1 Be7 15. e6 f6 16. Nc3 Nh6 17. Rac1 Qb6 18. Ba3 a5 19. Bxb4 Qxb4 20. Rb1 Qc5 21.
Nd5 Qc8 22. Rdc1 Qxe6 1-0